 Dungeon Crawl Stone Soup version 0.30.0-29-ga12c61a403 (webtiles) character file.

Game seed: 14093977918861089921

378 Chiseanne the Covert (level 6, -1/45 HPs)
             Began as an Octopode Delver on June 25, 2023.
             Was an Initiate of Gozag.
             Slain by a gnoll
             ... wielding a +0 spear
              (10 damage)
             ... on level 7 of the Dungeon.
             The game lasted 00:08:45 (1115 turns).

Chiseanne the Covert (Octopode Delver)              Turns: 1115, Time: 00:08:45

Health: -1/45      AC:  1    Str: 14    XL:     6   Next: 74%
Magic:  6/6        EV: 14    Int: 12    God:    Gozag
Gold:   87         SH:  0    Dex: 13    Spells: 2/5 levels left

rFire   . . .        a - +0 rapier
rCold   . . .        (no shield)
rNeg    . . .        (helmet restricted)
rPois   .            (no amulet)
rElec   .            (no ring)
rCorr   .            (no ring)
SInv    .            (no ring)
Will    .....        (no ring)
Stlth   +++++        (no ring)
HPRegen 0.27/turn    (no ring)
MPRegen 0.10/turn    (no ring)
                     (no ring)

%: no passive effects
@: no status effects
A: almost no armour, amphibious, 8 rings, camouflage 1, gelatinous body 1,
(nimble swimmer 1), tentacles
a: Renounce Religion, Potion Petition, Call Merchant, Bribe Branch


You were on level 7 of the Dungeon.
You worshipped Gozag.
Gozag was noncommittal.
You visited 2 branches of the dungeon, and saw 4 of its levels.

You collected 118 gold pieces.
You paid 31 gold pieces to Gozag.

Inventory:

Hand Weapons
 a - a +0 rapier (weapon)
Missiles
 e - 3 boomerangs (quivered)
Wands
 f - a wand of digging (3)
Scrolls
 b - a scroll of fog
 c - 2 scrolls of magic mapping
 g - 2 scrolls of vulnerability {unknown}


   Skills:
 * Level 4.9 Fighting
 - Level 2.0 Maces & Flails
 * Level 4.2 Dodging
 * Level 8.6 Stealth


You had 2 spell levels left.
You knew the following spells:

 Your Spells              Type           Power      Damage    Failure   Level
a - Mephitic Cloud        Conj/Pois/Air  0%         N/A       69%         3

Your spell library contained the following spells:

 Spells                   Type           Power      Damage    Failure   Level
 Poisonous Vapours        Pois/Air       0%         N/A       45%         2
 Freezing Cloud           Conj/Ice/Air   0%         6-21      100%        5


Dungeon Overview and Level Annotations

Branches:
Dungeon (7/15)             Temple (1/1) D:7

Altars:
Ashenzari
Cheibriados
Fedhas
Gozag
Nemelex Xobeh
Ru
Sif Muna
Uskayaw
Yredelemnul
Zin
The Shining One


Innate Abilities, Weirdness & Mutations

You cannot wear most types of armour.
You are amphibious.
You can wear up to eight rings at the same time.
Your skin changes colour to match your surroundings (Stealth+).
Your rubbery body absorbs attacks. (AC +1, EV +1)
((You are camouflaged when in or above water. (Stealth+)))
You have tentacles for arms and can constrict up to eight enemies at once.


Message History

You hit the gnoll. You grab the gnoll.
The gnoll is almost dead.
You constrict the gnoll.
You kill the gnoll!
The gnoll is no longer distracted by gold.
The gnoll is distracted by your dazzling golden aura.
Things that are here:
7 gold pieces; a +0 spear You now have 87 gold pieces (gained 7).
Your attacks no longer feel as feeble.
A gnoll comes into view. It is wielding a +0 whip.
A gnoll is nearby!
The gnoll closely misses you.
You see here a +0 spear.
You hit the gnoll but do no damage. You grab the gnoll. You squeeze the gnoll.
The gnoll is moderately wounded.
You constrict the gnoll. The gnoll barely misses you.
The gnoll shouts!
You hit the gnoll but do no damage.
The gnoll is heavily wounded.
You constrict the gnoll.
The gnoll struggles to escape constriction.
The gnoll misses you.
You completely miss the gnoll. Your grab misses the gnoll.
You constrict the gnoll. The gnoll hits you with a +0 club.
The gnoll hits you with a +0 whip! The gnoll barely misses you.
The gnoll hits you with a +0 whip!
You hit the gnoll. Your grab misses the gnoll.
The gnoll is moderately wounded.
You constrict the gnoll, but do no damage.
The gnoll escapes!
The gnoll hits you with a +0 whip.
You hit the gnoll but do no damage. You grab the gnoll. You squeeze the gnoll.
The gnoll is almost dead.
You constrict the gnoll, but do no damage.
The gnoll misses you. The gnoll hits you with a +0 whip!
The gnoll hits you with a +0 whip.
* * * LOW HITPOINT WARNING * * *
The gnoll hits you from afar with a +0 spear!
You die...
Your body crumbles into a pile of gold.

#^......
#....#...####....###.##.
........ ..#.....
#...####.#.. ........
<.#.... ##....###...#.
.#....... ....
..##.......... #.... ..
......###....## .###..#
#.##.......
#g#..####.#..####..
#gg#..##....## ##
########@g........###
#.......#######.....#
#.≈≈≈≈≈≈......#.....#
#.≈.....≈≈≈≈≈.#..##..#
#.≈.####....≈.#..# ##.#
#.≈ #...###.≈.#.## #.#
#.≈.#.≈≈._#.≈.#.# #. #
≈.#.≈...#.≈.#.#### #.≈..
#.≈.#.≈...#


You could see 4 gnolls.

Vanquished Creatures
  An ogre (D:7)
  A bullfrog (D:7)
  An electric eel (D:7)
  A hound (D:6)
  2 orc priests
  A gnoll bouda (D:7)
  An orc wizard (D:7)
  3 gnolls (D:7)
  A white imp (D:7)
  7 orcs
19 creatures vanquished.

Notes
Turn   | Place    | Note
-------+----------+-------------------------------------------
     0 | D:5      | Chiseanne the Octopode Delver began the quest for the Orb.
     0 | D:5      | Reached XP level 1. HP: 16/16 MP: 1/1
     2 | D:5      | Noticed an iguana
    24 | D:6      | Noticed an iguana
    29 | D:6      | Noticed a sky beast
    53 | D:6      | Noticed a hound
    65 | D:6      | Killed a hound
    66 | D:6      | Reached skill level 7 in Stealth
    66 | D:6      | Reached XP level 2. HP: 5/21 MP: 2/2
    66 | D:6      | Reached XP level 3. HP: 6/26 MP: 3/3
   143 | D:6      | Reached XP level 4. HP: 3/33 MP: 4/4
   360 | D:7      | Found a staircase to the Ecumenical Temple.
   547 | Temple   | Entered the Ecumenical Temple
   640 | Temple   | Became a worshipper of Gozag Ym Sagoz the Greedy
   676 | D:7      | Noticed a bullfrog
   681 | D:7      | Killed a bullfrog
   682 | D:7      | Reached XP level 5. HP: 37/37 MP: 5/5
   723 | D:7      | Reached skill level 8 in Stealth
   878 | D:7      | Noticed a black bear
   882 | D:7      | Noticed an ogre
   888 | D:7      | Killed an ogre
   889 | D:7      | Reached XP level 6. HP: 44/44 MP: 6/6
   965 | D:7      | Learned a level 3 spell: Mephitic Cloud
   977 | D:7      | Found a sacrificial altar of Ru.
   978 | D:7      | Found a sparkling altar of Nemelex Xobeh.
  1115 | D:7      | Slain by a gnoll

Illustrated notes

Levels and vault maps discovered:
D:5:      layout_cave_pools, nicolae_elyvilon_peaceful_grove,
          lightli_ossuary_entry_decrepit_ruins, serial_column_ruins,
          column_ruins_open_tiny, column_ruins_corridor_corner,
          column_ruins_open_medium, column_ruins_open_tiny, column_ruins_grid_1
D:6:      layout_loops_cross, marbit_many_paths, grunt_temple_overflow_open,
          uniq_menkaure
D:7:      layout_layer_cave, nicolae_overflow_squiral,
          minmay_temple_entry_large_hall
Temple:   dpeg_three_leaves_temple

Skill      XL: |  1  2  3  4  5 |
---------------+----------------+-----
Stealth        | 7 8 |  8.6
Dodging        | 3 4 |  4.2
Fighting       | 4 |  4.9
Maces & Flails | |  2.0

Action                     |  1- 3 |  4- 6 || total
---------------------------+-------+-------++-------
  Melee: Rapier            |    12 |    36 ||    48
         Constrict         |     3 |    13 ||    16
         Tentacles         |     2 |    12 ||    14
  Throw: Boomerang         |       |     4 ||     4
    Use: Potion            |     1 |     1 ||     2
         Scroll            |       |     1 ||     1
   Stab: Sleeping          |       |     5 ||     5
 Armour: Skin              |     2 |     1 ||     3
  Dodge: Dodged            |     3 |    16 ||    19
